 Dungeon Crawl Stone Soup version 0.22.0-38-g04b72b8 (webtiles) character file.

11964 Fang the Cleaver (level 11, -3/71 HPs)
             Began as a Gargoyle Berserker on Aug 29, 2018.
             Was a High Priest of Trog.
             Slain by a spiny frog (5 damage)
             ... on level 1 of the Lair of Beasts on Aug 30, 2018.
             The game lasted 00:18:06 (12209 turns).

Fang the Cleaver (Gargoyle Berserker)              Turns: 12209, Time: 00:18:06

Health: -3/71      AC: 17    Str: 24    XL:     11   Next: 86%
Magic:  0/11       EV: 15    Int: 10    God:    Trog [*****.]
Gold:   599        SH:  0    Dex:  9    Spells: 10/10 levels left

rFire    + . .     SeeInvis .   a - +2 hand axe
rCold    x . .     Gourm    .   (no shield)
rNeg     + . .     Faith    .   b - +1 animal skin
rPois    ∞         Spirit   +   (no helmet)
rElec    +         Reflect  .   y - +2 cloak
rCorr    .         Harm     .   (no gloves)
MR       +....                  n - +2 pair of boots
Stlth    ++++......             q - amulet of guardian spirit
HPRegen  0.21/turn              d - ring of protection from magic
MPRegen  0.12/turn              u - ring of fire

@: no status effects
A: clever 1, negative energy resistance 1, electricity resistance, wild magic 1,
unbreathing, petrification resistance, rot immunity, sturdy frame 1, AC +8
a: Berserk, Trog's Hand, Brothers in Arms, Renounce Religion


You were on level 1 of the Lair of Beasts.
You worshipped Trog.
Trog was extremely pleased with you.
You were hungry.

You visited 2 branches of the dungeon, and saw 11 of its levels.
You also visited: Ossuary.

You collected 599 gold pieces.

Inventory:

Hand Weapons
 a - a +2 hand axe (weapon)
Armour
 b - a +1 animal skin (worn)
 n - a +2 pair of boots (worn)
 y - a +2 cloak (worn)
Jewellery
 d - a ring of protection from magic (left hand)
 q - an amulet of guardian spirit (around neck)
 u - a ring of fire (right hand)
Wands
 k - a wand of iceblast (19)
 r - a wand of scattershot (6)
 s - a wand of enslavement (28)
 t - a wand of flame (11)
 w - a wand of disintegration (8)
Scrolls
 f - 3 scrolls of remove curse
 j - 4 scrolls of magic mapping
 v - 2 scrolls of identify
 x - a scroll of teleportation
Potions
 e - 3 potions of haste
 g - a potion of agility
 h - 3 potions of curing
 i - 3 potions of might
 l - 3 potions of flight
 m - 4 potions of lignification
 o - 3 potions of magic
 p - a potion of invisibility
 z - a potion of brilliance
Comestibles
 c - 12 rations


   Skills:
 + Level 9.2 Fighting
 + Level 11.9 Axes
 + Level 2.3 Armour
 + Level 7.2 Dodging
 + Level 8.4 Stealth


You had 10 spell levels left.
You didn't know any spells.
Your spell library was empty.

Dungeon Overview and Level Annotations

Branches:
Dungeon (10/15)            Temple (0/1) D:6            Lair (1/6) D:9
    Orc: D:9-12

Altars:
Ashenzari
Cheibriados
Dithmenos
Elyvilon
Gozag
Hepliaklqana
Kikubaaqudgha
Nemelex Xobeh
Okawaru
Ru
Sif Muna
Trog
Vehumet
Yredelemnul
The Shining One

Shops:
D:4 ::![   D:9 }

Annotations:
D:8 1 runed door, fishi's ghost, novice TrWz


Innate Abilities, Weirdness & Mutations

You are resistant to torment.
Your stone body is resilient. (AC +8)
You are immune to poison.
You resist negative energy. (rN+)
You are resistant to electric shocks. (rElec)
You can survive without breathing.
You are immune to petrification.
You are immune to rotting.
Your mind is acute. (Int +2)
Your spells are a little harder to cast, but a little more powerful.
Your movements are slightly less encumbered by armour. (ER -2)


Message History

You barely miss the spiny frog.
The spiny frog is moderately wounded.
The spiny frog closely misses you.
You hit the spiny frog.
The spiny frog is moderately wounded.
The spiny frog closely misses you.
You hit the spiny frog but do no damage.
The spiny frog is moderately wounded.
The spiny frog stings you!
* * * LOW HITPOINT WARNING * * *
You hit the spiny frog.
The spiny frog is moderately wounded.
You slash the spiny frog!
The spiny frog is severely wounded.
The spiny frog stings you!
* * * LOW HITPOINT WARNING * * *
You barely miss the spiny frog.
The spiny frog is severely wounded.
The spiny frog stings you.
You die...

##.........................
#..#.##.#####...........>..
##.#........#......>.......
#.#........#..............
#.#........#............PP
#.#........#............##
#.#.....................##
#.#........#............#.
#.#......@F#............##
#..##P.###..............#
#.......................#
##.####.##.###############
### ######


You could see a spiny frog.

Vanquished Creatures
  Harold (D:8)
  Erolcha (D:9)
  Pikel (D:7)
  A wolf spider (Lair:1)
  An ugly thing (D:9)
  Maurice (D:9)
  2 black mambas (Lair:1)
  2 trolls
  4 blink frogs (Lair:1)
  A hippogriff (D:8)
  9 yaks
  A wyvern (D:8)
  Grum (D:8)
  A hungry ghost (D:5)
  Menkaure (D:7)
  A water moccasin (D:8)
  3 orc warriors
  3 black bears
  A necrophage (D:7)
  3 sky beasts
  An ice beast (D:7)
  6 ogres
  3 wolves
  A crocodile (Lair:1)
  3 centaurs
  4 big kobolds
  2 elf zombies (Ossuary)
  4 bullfrogs
  A wyvern zombie (D:6)
  A gnoll sergeant (D:9)
  2 scorpions (D:9)
  An electric eel (D:9)
  2 howler monkeys
  3 crimson imps
  A quasit (D:8)
  4 human zombies (Ossuary)
  2 orc priests (D:9)
  2 jellies
  A centaur skeleton (D:6)
  10 hounds
  2 bullfrog skeletons
  7 orc wizards
  6 iguanas
  2 worker ants
  A hound zombie (D:8)
  5 mummies
  A worker ant zombie (D:9)
  3 gnolls (D:9)
  A howler monkey skeleton (D:6)
  9 adders
  3 shadow imps
  2 oozes (D:3)
  2 adder zombies (Ossuary)
  2 adder skeletons
  2 worms
  5 dart slugs
  6 leopard geckos
  24 orcs
  4 ball pythons
  6 giant cockroaches
  7 goblins
  15 hobgoblins
  9 jackals
  3 quokkas
  7 bats
  5 frilled lizards
  2 hobgoblin zombies (Ossuary)
  10 kobolds
  A kobold zombie (Ossuary)
  A leopard gecko skeleton (D:4)
  A leopard gecko zombie (D:7)
  An orc zombie (Ossuary)
  A quokka skeleton (D:6)
  5 rats
  A spectral orc (D:2)
  A plant (Lair:1)
256 creatures vanquished.

Vanquished Creatures (collateral kills)
  3 yaks
  A wyvern (D:9)
  A sky beast (D:9)
  2 hounds (D:9)
7 creatures vanquished.

Vanquished Creatures (others)
  A necrophage (D:7)
  A quasit (D:7)
  An orc (D:7)
  8 fungi
  21 plants
32 creatures vanquished.

Grand Total: 295 creatures vanquished

Notes
Turn   | Place    | Note
-------+----------+-------------------------------------------
     0 | D:1      | Fang the Gargoyle Berserker began the quest for the Orb.
     0 | D:1      | Reached XP level 1. HP: 14/14 MP: 1/1
    78 | D:1      | Reached skill level 3 in Axes
    78 | D:1      | Reached XP level 2. HP: 19/19 MP: 2/2
   287 | D:1      | Reached XP level 3. HP: 20/23 MP: 3/3
   607 | D:2      | Reached ** piety under Trog
   691 | D:2      | Found a glowing golden altar of the Shining One.
   787 | D:2      | Reached XP level 4. HP: 23/29 MP: 4/4
   926 | D:2      | Reached skill level 4 in Axes
   987 | D:2      | Found a basalt altar of Yredelemnul.
  1509 | D:3      | Reached XP level 5. HP: 30/33 MP: 5/5
  1847 | D:3      | Reached *** piety under Trog
  2347 | D:4      | Found a sparkling altar of Nemelex Xobeh.
  2538 | D:4      | Found a sand-covered staircase.
  2583 | D:4      | Reached XP level 6. HP: 15/39 MP: 6/6
  2599 | Ossuary  | Entered an ossuary
  2613 | Ossuary  | Reached skill level 1 in Stealth
  2615 | Ossuary  | Reached skill level 5 in Axes
  2647 | Ossuary  | Reached XP level 7. HP: 22/44 MP: 7/7
  3280 | D:4      | Found Koukhladu's Book Emporium.
  3292 | D:4      | Found Japenood's Book Shoppe.
  3384 | D:4      | Found Jymeil's Distillery.
  3412 | D:4      | Found Poipnunk's Armour Shoppe.
  3561 | D:5      | Entered Level 5 of the Dungeon
  3635 | D:5      | Reached skill level 6 in Axes
  3737 | D:5      | Found a white marble altar of Elyvilon.
  3783 | D:5      | Reached skill level 5 in Fighting
  3805 | D:5      | Reached XP level 8. HP: 16/49 MP: 8/8
  4155 | D:5      | Reached **** piety under Trog
  4709 | D:5      | Found a snail-covered altar of Cheibriados.
  4854 | D:6      | Reached skill level 7 in Axes
  5092 | D:6      | Found a staircase to the Ecumenical Temple.
  5145 | D:6      | Reached skill level 5 in Stealth
  5704 | D:7      | Reached XP level 9. HP: 37/55 MP: 4/9
  5710 | D:7      | Noticed Pikel
  5721 | D:7      | Killed Pikel
  5721 | D:7      | Reached skill level 8 in Axes
  5766 | D:7      | Noticed Menkaure
  5779 | D:7      | Killed Menkaure
  5916 | D:7      | Found a hazy altar of Hepliaklqana.
  6114 | D:7      | Found an iron altar of Okawaru.
  6346 | D:7      | Reached skill level 9 in Axes
  6415 | D:7      | Found a deep blue altar of Sif Muna.
  6920 | D:8      | Noticed Harold
  6937 | D:8      | Killed Harold
  6937 | D:8      | Reached skill level 5 in Dodging
  6937 | D:8      | Reached XP level 10. HP: 63/63 MP: 10/10
  7130 | D:8      | Reached skill level 10 in Axes
  8064 | D:8      | Noticed Grum
  8078 | D:8      | Killed Grum
  8282 | D:8      | Found a bloodstained altar of Trog.
  8351 | D:8      | Reached ***** piety under Trog
  8612 | D:8      | Found a runed door.
  8614 | D:8      | Noticed fishi's ghost (novice TrWz)
  8938 | D:9      | Noticed a green ugly thing
  8953 | D:9      | Killed a green ugly thing
  9126 | D:9      | Noticed Maurice
  9294 | D:9      | Reached XP level 11. HP: 68/68 MP: 11/11
  9306 | D:9      | Found a staircase to the Lair.
  9347 | D:9      | Killed Maurice
  9509 | D:9      | Reached skill level 11 in Axes
  9709 | D:9      | Found a sacrificial altar of Ru.
  9710 | D:9      | Found a sparkling altar of Nemelex Xobeh.
  9745 | D:9      | Gained mutation: Your movements are slightly less encumbered by armour. (ER -2) [potion of mutation]
  9745 | D:9      | Gained mutation: Your spells are a little harder to cast, but a little more powerful. [potion of mutation]
  9745 | D:9      | Gained mutation: Your mind is acute. (Int +2) [potion of mutation]
  9757 | D:9      | Found a shadowy altar of Dithmenos.
  9763 | D:9      | Found an opulent altar of Gozag.
  9763 | D:9      | Found a shattered altar of Ashenzari.
  9764 | D:9      | Found an ancient bone altar of Kikubaaqudgha.
 10212 | D:9      | Found Vuophutu's Gadget Boutique.
 10248 | D:9      | Noticed Erolcha
 10276 | D:9      | Killed Erolcha
 10720 | D:9      | Found a radiant altar of Vehumet.
 10797 | D:10     | Entered Level 10 of the Dungeon
 10894 | Lair:1   | Entered Level 1 of the Lair of Beasts
 11991 | Lair:1   | Noticed a wolf spider
 12049 | Lair:1   | Killed a wolf spider
 12208 | Lair:1   | HP: 2/71 [spiny frog (12)]
 12209 | Lair:1   | Slain by a spiny frog

Skill      XL: |  1  2  3  4  5  6  7  8  9 10 11 |
---------------+----------------------------------+-----
Axes           | 3 4 5 6 7 9 10 11 | 11.9
Dodging        | 2 3 4 5 6 7 |  7.2
Fighting       | 4 5 6 7 8 9 |  9.2
Stealth        | 3 4 5 6 7 8 |  8.4
Armour         | |  2.3

Action                   |  1- 3 |  4- 6 |  7- 9 | 10-12 || total
-------------------------+-------+-------+-------+-------++-------
Melee: Hand axe          |   115 |   234 |   363 |   611 ||  1323
Invok: Berserk           |       |     2 |     5 |     7 ||    14
       Brothers in Arms  |       |       |       |     2 ||     2
  Use: Potion            |       |     5 |       |     3 ||     8
       Scroll            |       |       |    14 |     6 ||    20
 Stab: Invisible         |       |    18 |       |       ||    18
       Sleeping          |       |       |    12 |    14 ||    26
  Eat: Ration            |       |     1 |     6 |     1 ||     8
       Chunk             |       |     3 |     5 |    20 ||    28
Armor: Animal skin       |    29 |    85 |   127 |   253 ||   494
Dodge: Dodged            |    65 |   208 |   173 |   450 ||   896
